Map: Ulrena

Players

Beastyqt

  • Race: Terran Terran

HyuN - Winner!

  • Race: Zerg Zerg

Event: Gauntlet LotV Series 1 Qualifier 1

VOD

Have the link to the VOD?

Description

Time

  • Played on: Nov. 22, 2015, 4:02 p.m.
  • Length: 10:46

All games in this series

Show
View Real Time Build Order
Export as new Build Order

Beastyqt Terran 

Build Orders: Liberator Opening, MMM Bio 

Get SALT Encoding   

  12  0:01  SCV  
  13  0:13  SCV  
  14  0:17  Supply Depot  
  14  0:25  SCV  
  15  0:39  SCV  
  15  0:40  Barracks  
  16  0:45  Refinery  
  16  0:51  SCV  
  17  1:03  SCV  
  18  1:15  SCV  
  19  1:27  Barracks Reactor  
  19  1:28  Orbital Command  
  19  1:42  Command Center  
  19  1:54  SCV  
  20  1:55  Supply Depot  
  20  2:03  Marine x2  
  20  2:06  SCV  
  23  2:19  SCV, Factory  
  23  2:21  Marine  
  25  2:23  Marine  
  26  2:31  SCV  
  27  2:39  Marine  
  27  2:41  Marine  
  29  2:44  SCV  
  29  2:47  Bunker  
  30  2:53  Refinery  
  30  2:55  Orbital Command  
  30  2:56  SCV  
  31  3:05  Starport  
  31  3:08  SCV  
  31  3:12  Hellion  
  34  3:15  Hellion  
  36  3:21  SCV  
  36  3:23  Barracks Tech Lab  
  36  3:25  SCV  
  38  3:31  Supply Depot, Liberator  
  38  3:36  SCV  
  38  3:39  SCV  
  40  3:48  SCV  
  41  3:53  SCV  
  45  4:00  SCV  
  45  4:02  Barracks Tech Lab  
  46  4:07  Command Center, SCV  
  47  4:12  SCV  
  47  4:16  Factory Reactor  
  48  4:18  Supply Depot  
  48  4:19  SCV  
  48  4:20  Marine  
  48  4:21  Stimpack  
  38  4:24  SCV, Liberator  
  51  4:32  SCV  
  52  4:39  Barracks  
  52  4:40  Barracks  
  52  4:42  SCV  
  56  4:47  Supply Depot  
  56  4:49  SCV  
  57  4:55  Marauder  
  57  4:58  SCV  
  60  5:01  SCV  
  61  5:08  Siege Tank, Refinery  
  61  5:10  SCV, Refinery, Supply Depot  
  61  5:12  Engineering Bay  
  61  5:13  SCV  
  66  5:20  Orbital Command  
  66  5:24  Marine  
  66  5:28  SCV  
  68  5:31  Starport Reactor  
  68  5:32  Marine x2  
  68  5:34  SCV  
  71  5:36  Engineering Bay  
  71  5:40  SCV, Marine x2  
  71  5:42  Marine  
  75  5:45  Siege Tank  
  75  5:47  SCV  
  79  5:50  Marine x2  
  79  5:53  SCV, Supply Depot  
  82  5:57  Marine  
  82  5:58  Marine  
  82  6:00  SCV, Marine  
  86  6:08  Marine  
  86  6:11  Terran Infantry Armor Level 1, Barracks x2  
  87  6:12  Terran Infantry Weapons Level 1  
  87  6:13  Medivac x2  
  87  6:17  Marine x2  
  93  6:20  SCV  
  93  6:21  Supply Depot  
  93  6:24  SCV, Marine x2  
  97  6:28  Siege Tank  
  100  6:36  Supply Depot  
  100  6:40  SCV  
  100  6:42  SCV, Marine x2  
  100  6:47  Medivac x2  
  108  6:54  Combat Shields, Orbital Command  
  108  6:57  SCV  
  108  7:00  SCV  
  110  7:02  Barracks Reactor x2  
  110  7:03  Marine x5  
  115  7:10  SCV  
  115  7:15  Supply Depot  
  116  7:16  Supply Depot x2  
  116  7:17  Missile Turret  
  116  7:23  Marine  
  117  7:36  Supply Depot, SCV x2, Marine x4  
  118  7:37  Siege Tank  
  118  7:40  Marine  
  118  7:43  Marine x2  
  120  7:45  Marine x2  
  120  7:46  SCV  
  120  7:49  SCV  
  120  7:50  Command Center  
  124  7:56  SCV  
  124  7:58  SCV, Refinery  
  126  7:59  Medivac  
  126  8:00  Refinery  
  126  8:01  Armory  
  126  8:02  Supply Depot  
  128  8:08  Marine x2  
  128  8:09  Siege Tank  
  128  8:10  Marine x3  
  128  8:11  Marine x3  
  138  8:13  Marine  
  118  8:26  Marine x2  
  108  8:28  Marine x3  
  108  8:29  Marine x3  
  108  8:31  Marine  
  112  8:39  SCV  
  106  8:44  Marine x2  
  106  8:45  Marine  
  106  8:46  Siege Tank, Marine x2  
  106  8:47  Marine x3  
  110  8:49  Marine  
  110  8:53  Liberator  
  104  8:55  SCV  
  104  8:56  SCV  
  104  8:57  SCV  
  104  9:02  Marine x2  
  103  9:03  Marine x3  
  103  9:04  Marine  
  103  9:05  Marine x2  
  103  9:07  Marine  
  103  9:08  SCV  
  105  9:11  SCV  
  109  9:18  SCV  
  109  9:19  Marine  
  109  9:20  Marine  
  109  9:21  Marine  
  113  9:25  Marauder  
  113  9:26  SCV  
  113  9:31  Marine x4  
  116  9:34  Marine  
  116  9:37  Marine x2  
  123  9:39  SCV x2  
  123  9:43  Siege Tank  
  128  9:49  Marine x2  
  130  9:55  Missile Turret, Medivac x2  
  130  9:56  Marine x3  
  130  9:57  Marine  
  130  9:59  Marine  
  138  10:03  Marine  
  126  10:09  Marine x2  
  126  10:10  Marine  
  126  10:13  Marine x2  
  126  10:14  Marine  
  116  10:15  Marine  
  116  10:20  Marine  
  116  10:21  Marine  
  90  10:25  SCV  
  90  10:27  Marine  
Show
View Real Time Build Order
Export as new Build Order

HyuN Zerg - Winner!

Build Orders: Hatch First 

Get SALT Encoding   

  12  0:01  Drone  
  13  0:12  Overlord  
  13  0:18  Drone  
  14  0:31  Drone x2  
  14  0:35  Drone  
  17  0:54  Hatchery  
  17  0:55  Drone  
  17  1:00  Drone  
  18  1:09  Extractor  
  17  1:14  Spawning Pool  
  17  1:17  Drone  
  17  1:20  Drone  
  18  1:30  Drone  
  19  1:39  Drone  
  20  1:50  Overlord  
  20  2:01  Drone  
  21  2:05  Queen  
  21  2:06  Queen  
  21  2:07  Drone  
  26  2:10  Metabolic Boost  
  26  2:12  Zergling x2  
  27  2:17  Drone  
  28  2:23  Overlord  
  28  2:27  Drone  
  29  2:33  Drone  
  30  2:42  Hatchery  
  29  2:47  Queen  
  29  2:49  Drone  
  32  2:52  Drone  
  32  2:54  Drone  
  32  2:57  Drone  
  35  3:00  Drone  
  36  3:07  Drone  
  37  3:13  Drone  
  37  3:14  Drone  
  37  3:15  Drone x4  
  37  3:17  Drone  
  44  3:20  Overlord  
  44  3:29  Roach Warren, Drone  
  44  3:35  Extractor x2  
  44  3:37  Drone  
  44  3:38  Drone  
  44  3:46  Zergling x4  
  46  3:50  Drone  
  47  3:57  Overlord x2  
  47  4:04  Drone x3  
  50  4:11  Roach x4  
  50  4:13  Overlord  
  58  4:17  Roach  
  58  4:18  Roach x2  
  58  4:22  Lair  
  64  4:24  Roach x2  
  68  4:35  Drone x3  
  68  4:36  Drone  
  72  4:48  Drone x7  
  79  4:55  Drone  
  79  4:56  Drone x2  
  79  4:58  Overlord  
  81  5:06  Spore Crawler  
  78  5:07  Overlord x2  
  78  5:11  Evolution Chamber  
  78  5:12  Evolution Chamber  
  76  5:17  Drone  
  76  5:18  Drone x2  
  79  5:25  Drone x4  
  80  5:29  Drone x2, Spore Crawler  
  80  5:32  Glial Reconstitution  
  78  5:39  Drone  
  78  5:40  Drone x2, Overseer  
  81  5:44  Drone x3  
  81  5:47  Drone  
  81  5:48  Zerg Missile Weapons Level 1  
  85  5:51  Zerg Ground Armor Level 1  
  85  5:58  Extractor  
  85  5:59  Extractor  
  85  6:00  Drone x7  
  85  6:04  Drone x2, Extractor  
  91  6:05  Drone  
  91  6:07  Drone  
  93  6:12  Drone  
  93  6:15  Overlord  
  93  6:16  Overlord  
  90  6:34  Hatchery  
  90  6:37  Drone x4  
  90  6:38  Roach x2  
  90  6:39  Roach x5  
  107  6:45  Roach  
  109  6:52  Roach x2  
  113  6:55  Overlord  
  113  6:56  Overlord x2  
  113  6:57  Overlord x2  
  113  7:16  Roach x8  
  113  7:18  Ravager x9  
  113  7:19  Ravager x2  
  140  7:23  Roach x3  
  148  7:30  Roach x3  
  150  7:44  Roach x2  
  150  7:45  Overlord  
  150  7:46  Overlord x4  
  152  7:54  Overlord  
  152  7:55  Overlord x3  
  152  7:58  Ravager x3  
  155  8:08  Roach x9  
  155  8:10  Queen  
  152  8:24  Roach  
  152  8:25  Roach x3  
  138  8:33  Roach x6  
  141  8:36  Roach  
  137  8:42  Roach  
  137  8:43  Roach x5  
  137  8:44  Roach  
  137  8:46  Roach  
  137  8:47  Roach  
  137  8:48  Roach x3  
  140  8:56  Roach  
  140  8:57  Roach  
  140  8:58  Roach x4  
  140  9:01  Roach x2  
  150  9:06  Roach x2  
  136  9:14  Drone x3  
  136  9:15  Overseer  
  136  9:18  Overseer  
  136  9:23  Roach  
  136  9:24  Roach x3  
  144  9:25  Ravager x5  
  144  9:29  Ravager  
  144  9:30  Roach x2  
  154  9:32  Roach  
  154  9:35  Roach  
  158  9:39  Roach  
  158  9:40  Roach x2  
  158  9:45  Extractor  
  163  9:46  Roach x4  
  163  9:47  Roach x2, Extractor  
  163  9:50  Roach  
  176  9:54  Roach  
  176  9:55  Roach x2  
  176  9:57  Roach  
  184  10:06  Roach  
  168  10:07  Roach x2  
  150  10:15  Roach  
  150  10:18  Roach  
  150  10:20  Roach x9  
Tags
 
Add a new tag
Caveats
  • Supply blocks, unpowered buildings, or Contaminate may cause inaccurate times.
  • Supply counts are checked every 10 seconds.